 Dungeon Crawl Stone Soup version 0.29.0-13-gc9e81de378 (webtiles) character file.

Game seed: 5694672462508416062

20 Iusername the Ducker (level 2, 5/14 HPs)
             Began as a Felid Berserker on Sept 7, 2022.
             Was a Follower of Trog.
             Got out of the dungeon alive.
             The game lasted 00:02:52 (2272 turns).

Iusername the Ducker (Felid Berserker)              Turns: 2272, Time: 00:02:52

Health: 5/14       AC:  1    Str: 13    XL:     2   Next: 58%
Magic:  3/3        EV: 18    Int:  8    God:    Trog [*.....]
Gold:   66         SH:  0    Dex: 15    Spells: 1/1 levels left
                                        Lives:  0   Deaths: 0

rFire   . . .      SeeInvis +     - Unarmed
rCold   . . .      Faith    .   (shield unavailable)
rNeg    . . .      Spirit   .   (body armour unavailable)
rPois   .          Reflect  .   (helmet unavailable)
rElec   .          Harm     .   (cloak unavailable)
rCorr   .          Rampage  .   (gloves unavailable)
Will    .....                   (boots unavailable)
Stlth   +.........              (no amulet)
HPRegen 0.04/turn               (no ring)
MPRegen 0.08/turn               (no ring)

@: quick
A: very small, claws 1, fangs 3, see invisible, speed 1, shaggy fur 1, stealthy
paws, no weapons or thrown items, no armour, multi-lived
a: Renounce Religion, Berserk


You escaped.
You worshipped Trog.
Trog was aware of your devotion.
You visited 1 branch of the dungeon, and saw 1 of its levels.

You collected 66 gold pieces.

Inventory:

Scrolls
 a - a scroll of fear {unknown}
 c - a scroll of teleportation {unknown}
Potions
 b - a potion of haste {unknown}


   Skills:
 + Level 3.1 Fighting
 + Level 4.5 Dodging
 + Level 3.4 Unarmed Combat


You had one spell level left.
You didn't know any spells.
Your spell library was empty.

Dungeon Overview and Level Annotations

Branches:
Dungeon (1/15)

Altars:


Innate Abilities, Weirdness & Mutations

You have sharp claws.
You have razor-sharp teeth.
You have supernaturally acute eyesight. (SInv)
You cover ground quickly. (Speed+)
You are covered in fur. (AC +1)
Your paws help you pounce on unaware monsters.
You are incapable of wielding weapons or throwing items.
You cannot wear armour.
You gain extra lives every three experience levels.


Message History

The rat closely misses you. The rat closely misses you.
You closely miss the rat. The rat completely misses you.
You scratch the rat.
You kill the rat!
Trog accepts your kill.
You see here a rat corpse.
You see here a rat corpse.
You scratch the rat.
You kill the rat!
Trog accepts your kill.
You see here a rat corpse.
Found 13 gold pieces.
You see here a rat corpse.
A hobgoblin and a frilled lizard come into view.
The hobgoblin shouts!
Found 9 gold pieces.
An endoplasm comes into view.
The frilled lizard hisses angrily.
A goblin comes into view. It is wielding a +0 club.
A frilled lizard comes into view.
The endoplasm quivers.
You see here 17 gold pieces.
You now have 66 gold pieces (gained 17).
The endoplasm jiggles.
The hobgoblin closely misses you.
The frilled lizard unfolds its giant frill.
The hobgoblin hits you.
You scratch the hobgoblin but do no damage.
The hobgoblin hits you.
You scratch the hobgoblin.
The hobgoblin is heavily wounded.
The hobgoblin closely misses you.
You open the door. The hobgoblin completely misses you.
There is an open door here.
The hobgoblin completely misses you.
There is a staircase leading out of the dungeon here.
Are you sure you want to leave the Dungeon?
This will make you lose the game! The frilled lizard barely misses you.
The goblin hits you with a +0 club.
You have escaped!

...:.÷.....#.~~PP~#............#
##...÷..†..#.~PP≈~#.##########.#
#########.'P~P~~.#.##.# #.##
#######....#.~P~.P#....# #...
......#.####.~~~..'.##.# #...
......#.# #≈~~...### # #.##
......#.# #≈~.P.♣# #.# ..)...#)#
#~..g.♣ #.## ......#.####≈..l@♣
#.#. ..........##~.Jg♣♣ #.#.
..........##~..♣♣ #.##
..........###'###### #.#.
.........Jg......#.####### #.#.
######....###............. #.#.
#....##......############.#.
#######......'........†...#.
#......##############.


You could see an endoplasm, a hobgoblin, a goblin and a frilled lizard.

Vanquished Creatures
  An endoplasm (D:1)
  A giant cockroach (D:1)
  A goblin (D:1)
  3 hobgoblins (D:1)
  2 quokkas (D:1)
  A ball python (D:1)
  A bat (D:1)
  2 frilled lizards (D:1)
  3 kobolds (D:1)
  4 rats (D:1)
19 creatures vanquished.

Notes
Turn   | Place    | Note
-------+----------+-------------------------------------------
     0 | D:1      | Iusername the Felid Berserker began the quest for the Orb.
     0 | D:1      | Reached XP level 1. HP: 10/10 MP: 2/2
  1343 | D:1      | Reached XP level 2. HP: 12/14 MP: 3/3
  2195 | D:1      | Found a faded altar of an unknown god.
  2272 | D:$      | Got out of the dungeon alive.

Illustrated notes

Levels and vault maps discovered:
D:1:      tarquinn_simple_flora_water_c, layout_basic,
          hellmonk_ecumenical_altar_arch_garden

Action                   || total
-------------------------++-------
Melee: Unarmed           ||    49
       Bite              ||     5
       Punch             ||     1
Dodge: Dodged            ||    44
